 Dungeon Crawl Stone Soup version 0.30-a0-42-g806c11bf1d (webtiles) character file.

Game seed: 3932675854278483687

3845 IdlyInterested the Carver (level 9, 0/71 HPs)
             Began as a Demonspawn Fighter on Aug 30, 2022.
             Was a Believer of Okawaru.
             Slain by a catoblepas (2 damage)
             ... while petrified by a catoblepas
             ... on level 8 of the Dungeon.
             The game lasted 00:26:44 (6959 turns).

IdlyInterested the Carver (Demonspawn Fighter)      Turns: 6959, Time: 00:26:45

Health: 0/71       AC: 17    Str: 23    XL:     9   Next: 98%
Magic:  9/9        EV:  2    Int: 10    God:    Okawaru [**....]
Gold:   219        SH:  0    Dex: 21    Spells: 8/8 levels left

rFire   + + .      SeeInvis .    a - +1 long sword (flame)
rCold   + . .      Faith    .    c - +0 buckler
rNeg    + + +      Spirit   .    e - +2 gold dragon scales of Negation {Drain +Inv rPois rF+ rC+ Str+6 Dex+3}
rPois   ∞          Reflect  .    h - +0 helmet
rElec   .          Harm     .    (no cloak)
rCorr   .          Rampage  .    s - +0 pair of gloves
Will    .....                    (no boots)
Stlth   ..........               (no amulet)
HPRegen 0.21/turn                m - +4 ring of slaying
MPRegen 0.11/turn                E - +4 ring of evasion

@: petrified
A: thin skeletal structure 1, powered by death 2, spiny 1, weakness stinger 2,
fire resistance 1, low MP 1, sense surroundings 1
a: Renounce Religion, Evoke Invisibility, Heroism


You were on level 8 of the Dungeon.
You worshipped Okawaru.
Okawaru was pleased with you.
You visited 2 branches of the dungeon, and saw 9 of its levels.

You collected 379 gold pieces.
You spent 160 gold pieces at shops.

Inventory:

Hand Weapons
 a - a +1 long sword of flaming (weapon)
 q - the +1 dagger of Nommom {freeze, *Rage rN+++ rCorr Stlth-}
   (You found it on level 6 of the Dungeon)

   It freezes those it strikes, dealing additional cold damage.
   It can also slow down cold-blooded creatures.
   rN:        It renders you almost immune to negative energy.
   *Rage:     It berserks you when you make melee attacks (+20% chance).
   rCorr:     It protects you from acid and corrosion.
   Stlth:     It makes you less stealthy.
Missiles
 n - 20 poisoned darts (quivered)
 o - 5 datura-tipped darts
 t - 6 boomerangs
Armour
 c - a +0 buckler (worn)
 d - a +0 hat
 e - the +2 gold dragon scales of Negation (worn) {Drain +Inv rPois rF+ rC+ Str+6 Dex+3}
   (You acquired it on level 5 of the Dungeon)

   Str:       It affects your strength (+6).
   Dex:       It affects your dexterity (+3).
   rF:        It protects you from fire.
   rC:        It protects you from cold.
   rPois:     It protects you from poison.
   +Inv:      It lets you turn invisible.
   Drain:     It drains your maximum health when unequipped.
 h - a +0 helmet (worn)
 s - a +0 pair of gloves (worn)
 w - +0 steam dragon scales
Jewellery
 g - a ring of willpower
 m - a +4 ring of slaying (left hand)
 v - a ring of protection from fire
 E - a +4 ring of evasion (right hand)
Wands
 i - a wand of mindburst (8)
 u - a wand of polymorph (5)
 y - a wand of flame (13)
 z - a wand of iceblast (4)
 B - a wand of light (6)
Scrolls
 j - a scroll of teleportation
 l - a scroll of silence
 p - 2 scrolls of identify
 A - 4 scrolls of fear
 F - 2 scrolls of blinking
 G - a scroll of magic mapping
Potions
 b - 4 potions of heal wounds
 f - a potion of resistance
 k - a potion of cancellation
 r - 3 potions of curing
 x - 2 potions of brilliance
 C - a potion of magic
 D - a potion of invisibility


   Skills:
 * Level 6.9 Fighting
 * Level 10.1 Long Blades
 - Level 1.0 Throwing
 - Level 2.6 Armour
 - Level 4.0 Dodging
 - Level 2.0 Stealth
 - Level 2.6 Shields
 - Level 2.0 Invocations
 - Level 4.0 Evocations


You had 8 spell levels left.
You didn't know any spells.
Your spell library contained the following spells:

 Spells                   Type           Power      Damage    Failure   Level
 Beastly Appendage        Tmut           0%         N/A       100%        1
 Sandblast                Erth           0%         2d4       100%        1
 Blink                    Tloc           0%         N/A       100%        2
 Passwall                 Tmut/Erth      0%         N/A       100%        2
 Wereblood                Tmut           0%         N/A       100%        2
 Spider Form              Tmut/Pois      0%         N/A       100%        3
 Stone Arrow              Conj/Erth      0%         3d7       100%        3
 Blade Hands              Tmut           0%         N/A       100%        5
 Manifold Assault         Tloc           0%         N/A       100%        5
 Iron Shot                Conj/Erth      0%         9d1       100%        6
 Storm Form               Tmut/Air       0%         N/A       100%        7
 Animate Armour           Summ/Erth      Unusable   N/A       N/A         4

Dungeon Overview and Level Annotations

Branches:
Dungeon (8/15)             Temple (1/1) D:6
   Lair: D:8-11

Altars:
Ashenzari
Cheibriados
Dithmenos
Fedhas
Hepliaklqana
Kikubaaqudgha
Nemelex Xobeh
Okawaru
Qazlal
Ru
Sif Muna
Trog
Uskayaw
Vehumet
Wu Jian
Yredelemnul

Shops:
D:2 *


Innate Abilities, Weirdness & Mutations

You have a somewhat thin skeletal structure. (Dex +2, Stealth+)
You regenerate health from kills.
You are partially covered in sharp spines.
You have a tail ending in a sharp stinger.
Your flesh is heat resistant. (rF+)
Your magical capacity is low. (-10% MP)
You passively map a small area around you.


Message History

The catoblepas barely misses you.
The catoblepas is struck by your spines.
The catoblepas gores you. The catoblepas gores you!
The catoblepas breathes a plume of calcifying dust at you.
The blast of calcifying dust hits you.
You are engulfed in calcifying dust.
The catoblepas gores you but does no damage.
You are engulfed in calcifying dust.
The catoblepas breathes a plume of calcifying dust at you.
The blast of calcifying dust hits you.
You are engulfed in calcifying dust.
The catoblepas is struck by your spines.
The catoblepas gores you!
You turn to flesh and can move again.
You hit the catoblepas but do no damage.
The catoblepas is lightly wounded.
You are engulfed in calcifying dust.
The catoblepas gores you.
You hit the catoblepas but do no damage.
The catoblepas is lightly wounded.
You are engulfed in calcifying dust.
You are slowing down.
The catoblepas breathes a plume of calcifying dust at you.
The blast of calcifying dust hits you but does no damage.
You slash the catoblepas! You burn the catoblepas!
The catoblepas is moderately wounded.
You are engulfed in calcifying dust.
Your limbs have turned to stone.
The catoblepas gores you but does no damage.
You have turned to stone.
The catoblepas gores you! The catoblepas gores you. The catoblepas gores you!!
The catoblepas gores you!
* * * LOW HITPOINT WARNING * * *
The catoblepas gores you!
* * * LOW HITPOINT WARNING * * *
The catoblepas gores you!!
* * * LOW HITPOINT WARNING * * *
The catoblepas gores you.
You die...

...†.......# #.##*., *
###........# #..##.,* *
* #........####..>( , ,
, ,*
#.............#.#*+## *
,
####[.........§.#.#....
*
.......................
, *
..###..#######.#.###.##
* ..# ##.# #.Y## * *
..# #.# #§#@# , ..# #.#
* +.###* , ### #.# *
#.# , * #.# #.. , *
#### #.#* #o# ...# #..,
..#, , , , ...# #.# ##.
, ...# * ...# , * *


You could see a catoblepas.

Vanquished Creatures
  The ghost of SirDiesAlot the Digger, a novice GrEE of Vehumet (D:7)
  Grum (D:8)
  2 steam dragons
  Menkaure (D:4)
  An orc warrior (D:8)
  2 sky beasts (D:7)
  2 black bears (D:5)
  3 wolves (D:8)
  4 centaurs
  A phantom (D:6)
  A kobold brigand (D:7)
  Blork the orc (D:5)
  4 bullfrogs
  2 necrophages (D:4)
  3 scorpions
  5 killer bees (D:7)
  3 hounds (D:5)
  3 jellies
  2 orc priests
  Natasha (thrice) (D:4)
  5 iguanas
  6 orc wizards
  Robin (D:4)
  3 gnolls (D:3)
  10 adders
  2 white imps (D:7)
  An ufetubus (D:6)
  5 worms
  2 dart slugs
  19 orcs
  7 endoplasms
  5 giant cockroaches
  17 goblins
  11 hobgoblins
  4 jackals (D:5)
  10 kobolds
  6 quokkas
  6 ball pythons
  7 bats
  3 frilled lizards
  7 rats
182 creatures vanquished.

Vanquished Creatures (collateral kills)
  A gnoll (D:3)
1 creature vanquished.

Vanquished Creatures (others)
  A plant (D:1)
1 creature vanquished.

Grand Total: 184 creatures vanquished

Notes
Turn   | Place    | Note
-------+----------+-------------------------------------------
     0 | D:1      | IdlyInterested the Demonspawn Fighter began the quest for
                  | the Orb.
     0 | D:1      | Reached XP level 1. HP: 18/18 MP: 1/1
    21 | D:1      | Reached skill level 2 in Long Blades
   171 | D:1      | Gained mutation: You have a small tail. [demonic ancestry]
   171 | D:1      | Reached XP level 2. HP: 22/24 MP: 2/2
   330 | D:1      | Found a faded altar of an unknown god.
   959 | D:2      | Gained mutation: You regenerate a little health from kills.
                  | [demonic ancestry]
   959 | D:2      | Reached XP level 3. HP: 23/29 MP: 3/3
  1096 | D:2      | Reached skill level 3 in Long Blades
  1379 | D:2      | Found Koskytem's Assorted Antiques.
  1744 | D:2      | Gained mutation: You are partially covered in sharp spines.
                  | [demonic ancestry]
  1744 | D:2      | Reached XP level 4. HP: 25/37 MP: 4/4
  2085 | D:2      | Bought a sedimented golden potion for 16 gold pieces
  2085 | D:2      | Bought a scroll labelled CUUDOCH COAHOL for 18 gold pieces
  2085 | D:2      | Bought a scroll labelled WIKHLU WIGYWN for 18 gold pieces
  2085 | D:2      | Bought a bone wand for 72 gold pieces
  2085 | D:2      | Bought a scroll of identify for 36 gold pieces
  2087 | D:2      | Gained mutation: You do not regenerate when monsters are
                  | visible. [potion of mutation]
  2087 | D:2      | Gained mutation: You have hidden genetic defects. [potion
                  | of mutation]
  2087 | D:2      | Gained mutation: You are agile. (Dex +4, Str/Int -1)
                  | [potion of mutation]
  2284 | D:3      | Reached skill level 4 in Long Blades
  2298 | D:3      | Gained mutation: Your body sometimes deteriorates upon
                  | taking damage. [hidden defects]
  2589 | D:3      | Reached XP level 5. HP: 42/42 MP: 5/5
  2685 | D:3      | Found a basalt altar of Yredelemnul.
  2710 | D:3      | Lost mutation: You are agile. (Dex +4, Str/Int -1) [hidden
                  | defects]
  2710 | D:3      | Lost mutation: You have hidden genetic defects. [hidden
                  | defects expressed]
  2747 | D:3      | Lost mutation: You do not regenerate when monsters are
                  | visible. [potion of mutation]
  2747 | D:3      | Lost mutation: Your body sometimes deteriorates upon taking
                  | damage. [potion of mutation]
  2747 | D:3      | Gained mutation: Your magical capacity is low. (-10% MP)
                  | [potion of mutation]
  2747 | D:3      | Gained mutation: Your flesh is heat resistant. (rF+)
                  | [potion of mutation]
  2747 | D:3      | Gained mutation: You passively map a small area around you.
                  | [potion of mutation]
  3136 | D:4      | Reached skill level 1 in Dodging
  3146 | D:4      | Noticed Natasha
  3147 | D:4      | Noticed Menkaure
  3156 | D:4      | Killed Natasha
  3160 | D:4      | Killed Menkaure
  3161 | D:4      | Gained mutation: You regenerate health from kills. [demonic
                  | ancestry]
  3161 | D:4      | Reached XP level 6. HP: 22/48 MP: 5/5
  3229 | D:4      | Reached skill level 5 in Long Blades
  3544 | D:4      | Gained mutation: You have a somewhat thin skeletal
                  | structure. (Dex +2, Stealth+) [demonic ancestry]
  3544 | D:4      | Reached XP level 7. HP: 54/54 MP: 6/6
  3599 | D:4      | Noticed Natasha
  3604 | D:4      | Killed Natasha
  3641 | D:4      | Noticed Robin
  3648 | D:4      | Killed Robin
  3655 | D:4      | Reached skill level 6 in Long Blades
  3731 | D:4      | Found a stormy altar of Qazlal.
  3733 | D:4      | Found an ancient bone altar of Kikubaaqudgha.
  3733 | D:4      | Found an ornate altar of the Wu Jian Council.
  3734 | D:4      | Found a sparkling altar of Nemelex Xobeh.
  4216 | D:4      | Noticed Natasha
  4218 | D:4      | Killed Natasha
  4219 | D:4      | Reached skill level 1 in Stealth
  4243 | D:5      | Entered Level 5 of the Dungeon
  4423 | D:5      | Gained mutation: You have a tail ending in a sharp stinger.
                  | [demonic ancestry]
  4423 | D:5      | Reached XP level 8. HP: 45/60 MP: 7/7
  4424 | D:5      | Reached skill level 1 in Invocations
  4450 | D:5      | Identified a scroll of acquirement
  4450 | D:5      | Acquired the +2 gold dragon scales of Negation {Drain +Inv
                  | rPois rF+ rC+ Str+6 Dex+3}
  4517 | D:5      | Reached skill level 1 in Evocations
  4560 | D:5      | Reached skill level 1 in Throwing
  4722 | D:5      | Noticed Blork the orc
  4726 | D:5      | Reached skill level 7 in Long Blades
  4729 | D:5      | Killed Blork the orc
  4751 | D:5      | Found a bloodstained altar of Trog.
  4960 | D:6      | Found a staircase to the Ecumenical Temple.
  4972 | Temple   | Entered the Ecumenical Temple
  5180 | Temple   | Became a worshipper of Warmaster Okawaru
  5351 | D:6      | Identified the +1 dagger of Nommom {freeze, *Rage rN+++
                  | rCorr Stlth-}
  5749 | D:7      | Reached skill level 8 in Long Blades
  5807 | D:7      | Reached * piety under Okawaru
  5808 | D:7      | Reached XP level 9. HP: 56/65 MP: 9/9
  5932 | D:7      | Found a runed translucent door.
  5932 | D:7      | Noticed SirDiesAlot's ghost (novice GrEE)
  5965 | D:7      | Reached skill level 9 in Long Blades
  6207 | D:7      | Reached skill level 5 in Fighting
  6628 | D:7      | Killed SirDiesAlot's ghost
  6628 | D:7      | Reached ** piety under Okawaru
  6791 | D:8      | Noticed Grum
  6800 | D:8      | Killed Grum
  6801 | D:8      | Reached skill level 10 in Long Blades
  6811 | D:8      | Found a snail-covered altar of Cheibriados.
  6936 | D:8      | Noticed a catoblepas
  6958 | D:8      | HP: 2/71 [catoblepas (10)]
  6959 | D:8      | Slain by a catoblepas

Illustrated notes

Levels and vault maps discovered:
D:1:      lemuel_arrival_cross, layout_basic, serial_forest,
          infiniplex_forest_straight_4, infiniplex_forest_lined_2,
          infiniplex_forest_clump_small, infiniplex_forest_diagonal,
          infiniplex_forest_end_double, infiniplex_forest_lined_3_way,
          hellmonk_ecumenical_altar_arch_garden, minmay_tromino_mix6
D:2:      layout_loops_cross, serial_shops, shop, minmay_misc_feat_ornament,
          minmay_split_cup_large
D:3:      layout_loops_ring, mainiacjoe_overflow_alcove_4,
          small_statue_intersection, st_stairs_12, chequers_jeans,
          chequers_avenue
D:4:      minmay_skewed_foursquare, layout_basic, grunt_temple_overflow_open,
          uniq_robin, uniq_natasha, uniq_menkaure
D:5:      layout_rooms, trog_book, uniq_blork_the_orc
D:6:      layout_basic, mainiacjoe_overflow_24_doors, minmay_temple_entry_ruins
D:7:      layout_loops_ring, hellmonk_ghost_happy_afterlife
D:8:      layout_basic, kennysheep_mini, small_statue_intersection,
          minmay_shattered_shrine, uniq_grum
Temple:   nicolae_temple_bog_church

Skill      XL: |  1  2  3  4  5  6  7  8  9 |
---------------+----------------------------+-----
Long Blades    | 2 3 4 5 6 8 10 | 10.1
Fighting       | 4 6 |  6.9
Dodging        | 2 3 4 |  4.0
Stealth        | 2 |  2.0
Invocations    | 2 |  2.0
Evocations     | 3 4 |  4.0
Throwing       | 1 |  1.0
Armour         | |  2.6
Shields        | |  2.6

Action                   |  1- 3 |  4- 6 |  7- 9 || total
-------------------------+-------+-------+-------++-------
Melee: Long sword        |   113 |    65 |   220 ||   398
       Tailslap          |     7 |    12 |    35 ||    54
Throw: Dart              |       |       |     3 ||     3
  Use: Scroll            |     9 |     5 |     8 ||    22
       Potion            |       |     3 |       ||     3
Armor: Scale mail        |    54 |       |       ||    54
       Chain mail        |       |    34 |    20 ||    54
       Plate armour      |       |       |    42 ||    42
       Gold dragon scale |       |       |    91 ||    91
Dodge: Dodged            |    48 |    18 |    53 ||   119
Block: Buckler           |    19 |    12 |    52 ||    83

Table legend: (Time is in decaauts)
 A = Elapsed time spent in this place.
 B = Non-inter-level travel time spent in this place.
 C = Inter-level travel time spent in this place.
 D = Time resting spent in this place.
 E = Time spent auto-exploring this place.
 F = Levels seen in this place.
 G = Mean time per level.
                   A        B        C        D        E       F      G
               +--------+--------+--------+--------+--------+-----+--------+
         Total |   7035 |   5996 |   1039 |    377 |   4116 |   9 |  781.7 |
       Dungeon |   6804 |   5800 |   1004 |    377 |   3934 |   8 |  850.5 |
        Temple |    231 |    196 |     35 |      0 |    182 |   1 |  231.0 |
               +--------+--------+--------+--------+--------+-----+--------+

Top non-repeatable levels by time:
     D:2: 1296 daAuts
     D:4: 1136 daAuts
     D:3: 1024 daAuts
     D:7: 1008 daAuts
     D:1: 974 daAuts
     D:6: 609 daAuts
     D:5: 551 daAuts
  Temple: 231 daAuts
     D:8: 202 daAuts
